Avalanche vs Flyers

Created - 18 novembre 2024 at 07:07

Goals
1 2 3 T
Avalanche 0 4 0 4
Flyers 2 3 0 5
Shots
1 2 3 T
Avalanche 13 11 12 36
Flyers 10 14 2 26

GoalsPenalties
1st period
1. Flyers , Jonathan Drouin 5 (Gabriel Vilardi 3, Ryan O'Reilly 14) at 0:30
2. Flyers , Shea Theodore 5 (Ryan O'Reilly 15) at 7:44 (PP)
Jacob Trouba (COL) for High sticking (Minor) at 7:38
2nd period
3. Flyers , Jonathan Drouin 6 (Ryan O'Reilly 16, Gabriel Vilardi 4) at 0:17
4. Avalanche , Owen Power 6 (Victor Olofsson 4, Morgan Rielly 14) at 1:14 (PP)
5. Avalanche , Victor Olofsson 4 (Taylor Raddysh 4, Morgan Rielly 15) at 2:43
6. Flyers , Mike Matheson 4 (Jack Roslovic 7, Logan Couture 9) at 4:23
7. Avalanche , Drake Batherson 8 (Ryan Strome 9, Ryker Evans 4) at 8:19
8. Flyers , Nikolaj Ehlers 5 (Aleksander Barkov 12, Martin Necas 6) at 10:16
9. Avalanche , Jack Studnicka 2 (Morgan Rielly 16, Sam Steel 7) at 13:40
Logan Couture (PHI) for Interference (Minor) at 0:54
3rd period
No Goal
Alec Martinez (PHI) for Holding (Minor) at 2:28
Ryan O'Reilly (PHI) for Hooking (Minor) at 8:50
Mike Matheson (PHI) for Holding (Minor) at 15:09
Goalie Stats
Akira Schmid (COL), 16 saves from 21 shots - (0,762), L, 1-1-0, 30:16 minutes
Cayden Primeau (COL), 5 saves from 5 shots - (1,000), 29:44 minutes
John Gibson (PHI), 32 saves from 36 shots - (0,889), W, 9-6-0, 60:00 minutes
3 StarsOfficial
1 - Jonathan Drouin (PHI)
2 - Ryan O'Reilly (PHI)
3 - Morgan Rielly (COL)
Referees : Brian Pochmara and Justin St. Pierre
Linesman : Brian Mach and Brad Kovachik
Game Note
Cayden Primeau enters game at 10:16 of 2nd period
Finance
Level 1 -- Attendance: 6000 (100,00%) -- Ticket Income $540,000
Level 2 -- Attendance: 5000 (100,00%) -- Ticket Income $255,000
Level 3 -- Attendance: 2000 (100,00%) -- Ticket Income $72,000
Level 4 -- Attendance: 3134 (78,35%) -- Ticket Income $78,350
Luxury Box -- Attendance: 832 (83,20%) -- Ticket Income $162,240
Game was played at the Wachovia Complex Arena.
Total Attendance: 16966 (94,26%)
Total Ticket Income: $1,107,590
Other Income: $99,683
Total Income: $1,207,273



Team Name Goals Shots Shots Attemp Shots Blocked PIM HIT PP PK FO%
Avalanche 4368572221 / 4 (25%)137%
Flyers 52652188211 / 1 (100%)163%

Avalanche
Player Name POS G A P +/- PIM HIT SHT SB MP PP MP PP SHT PK MP PK SHT FO% FOT
Drake BathersonLW/RW1011015016:592:4000:0600% 1
Erik BrannstromD000-1001018:032:3010:0000% 0
Jack StudnickaC101-1013113:500:0000:00033% 21
Jacob TroubaD000-1221324:162:3000:0000% 0
Jesper BoqvistC000-1021012:090:0000:0000% 0
Mitchell MarnerRW0000034017:023:3720:0000% 2
Morgan RiellyD0331012025:463:2520:0600% 0
Nick PerbixD000-1011216:350:2200:0000% 0
Owen PowerD1011012019:083:2510:0600% 0
Ryan StromeC/LW/RW0111022017:283:1500:00039% 18
Ryker EvansD011-1010116:110:2200:0000% 0
Sam SteelC011-1003014:120:2210:0000% 0
Scott LaughtonC/LW0000032016:112:4000:06025% 4
Sonny MilanoLW000-1001013:500:0000:00050% 2
Taylor RaddyshRW011-1011012:090:0000:0000% 0
Tyson FoersterC/RW0000001013:250:0000:00050% 20
Victor OlofssonLW112-1012015:463:3700:00031% 16
Wyatt JohnstonC/RW0001024016:532:4000:00050% 2
Flyers
Player Name POS G A P +/- PIM HIT SHT SB MP PP MP PP SHT PK MP PK SHT FO% FOT
Alec MartinezD000-2211616:560:0002:0200% 0
Aleksander BarkovC011-1045119:030:0002:01057% 23
Alexander RomanovD000-2031217:350:0002:4000% 0
Daniel SprongRW000000005:410:0000:0000% 0
Gabriel VilardiC/RW0222012016:480:0000:0000% 0
Ivan BarbashevC/LW0000010120:540:0001:30050% 2
Jack RoslovicC/RW0110013014:060:0000:0000% 2
Jonathan DrouinC/LW/RW2022005017:480:0001:000100% 2
Josh MorrisseyD0003000124:410:0001:3500% 0
Logan CoutureC0110211017:080:0003:03068% 25
Martin NecasC/RW011-1010017:250:0000:0000% 0
Mike MathesonD1010201217:560:0002:2100% 0
Nikolaj EhlersLW101-1003117:310:0600:0000% 2
Rasmus SandinD0000010110:100:0600:4000% 0
Ryan O'ReillyC0332240018:000:0601:07065% 23
Sam BennettC000000119:170:0603:53086% 7
Scott MayfieldD0003012116:380:0001:5700% 0
Shea TheodoreD1010021116:020:0611:1900% 0

Avalanche

5 vs 5 Forward
Line #Left WingCenterRight WingPHYDFOFWanted %Time %Time Play
1Drake BathersonRyan StromeWyatt Johnston1222627%14:13
2Scott LaughtonTyson FoersterMitchell Marner1222524%12:54
3Sam SteelJack StudnickaSonny Milano1222526%13:50
4Jesper BoqvistVictor OlofssonTaylor Raddysh1222423%12:09
5 vs 5 Defense
Line #DefenseDefensePHYDFOFWanted %Time %Time Play
1Owen PowerMorgan Rielly1222829%15:37
2Jacob TroubaErik Brannstrom1222828%15:02
3Nick PerbixRyker Evans1222430%15:49
4Jacob TroubaMorgan Rielly1222012%6:38
Power Play Forward
Line #Left WingCenterRight WingPHYDFOFWanted %Time %Time Play
1Drake BathersonScott LaughtonWyatt Johnston1225042%2:40
2Ryan StromeVictor OlofssonMitchell Marner1225058%3:37
Power Play Defense
Line #DefenseDefensePHYDFOFWanted %Time %Time Play
1Owen PowerMorgan Rielly1225060%3:47
2Jacob TroubaErik Brannstrom1225040%2:30
Penalty Kill 4 Players Forward
Line #CenterWingPHYDFOFWanted %Time %Time Play
1Scott LaughtonDrake Batherson12255100%0:06
2Ryan StromeWyatt Johnston122450%0:00
Penalty Kill 4 Players Defense
Line #DefenseDefensePHYDFOFWanted %Time %Time Play
1Morgan RiellyOwen Power12255100%0:06
2Jacob TroubaErik Brannstrom122450%0:00
Penalty Kill 3 Players
Line #WingPHYDFOFWanted %Time %Time PlayDefenseDefensePHYDFOFWanted %Time %Time Play
1Scott Laughton122550%0:00 Erik BrannstromMorgan Rielly122550%0:00
2Drake Batherson122450%0:00 Jacob TroubaOwen Power122450%0:00
4 vs 4 Forward
Line #CenterWingPHYDFOFWanted %Time %Time Play
1Scott LaughtonDrake Batherson122550%0:00
2Wyatt JohnstonVictor Olofsson122450%0:00
4 vs 4 Defense
Line #DefensePHYDFOFWanted %Time %Time Play
1Owen PowerMorgan Rielly122550%0:00
2Jacob TroubaErik Brannstrom122450%0:00
Last Minutes Offensive
Left WingCenterRight WingDefenseDefense
Scott LaughtonRyan StromeWyatt JohnstonDrake BathersonMorgan Rielly
Last Minutes Defensive
Left WingCenterRight WingDefenseDefense
Mitchell MarnerScott LaughtonWyatt JohnstonErik BrannstromNick Perbix
Time
Total ForwardTotal DefenseLast Minutes OffensiveLast Minutes Defensive
60:00 60:00 0:310:00
Extra Forwards
Normal PowerPlayPenalty Kill
Scott Laughton, Drake Batherson, Tyson FoersterScott Laughton, Sam SteelScott Laughton
Extra Defensemen
Normal PowerPlayPenalty Kill
Jacob Trouba, Morgan Rielly, Erik BrannstromOwen Power, Erik BrannstromJacob Trouba
Penalty Shots
Scott Laughton, Tyson Foerster, Sam Steel, Drake Batherson, Taylor Raddysh
Goalie
Akira Schmid, Cayden Primeau
Scratches
Anthony Stolarz (Healthy)

Flyers

5 vs 5 Forward
Line #Left WingCenterRight WingPHYDFOFWanted %Time %Time Play
1Nikolaj EhlersAleksander BarkovMartin Necas1223432%17:02
2Jonathan DrouinRyan O'ReillyGabriel Vilardi1223032%16:48
3Ivan BarbashevLogan CoutureJack Roslovic1222626%14:06
4Ivan BarbashevSam BennettDaniel Sprong1221010%5:18
5 vs 5 Defense
Line #DefenseDefensePHYDFOFWanted %Time %Time Play
1Mike MathesonShea Theodore1223029%15:13
2Josh MorrisseyScott Mayfield1222826%13:42
3Alexander RomanovAlec Martinez1312528%14:55
4Rasmus SandinJosh Morrissey1131718%9:24
Power Play Forward
Line #Left WingCenterRight WingPHYDFOFWanted %Time %Time Play
1Logan CoutureAleksander BarkovMartin Necas122550%0:00
2Nikolaj EhlersRyan O'ReillySam Bennett12245100%0:06
Power Play Defense
Line #DefenseDefensePHYDFOFWanted %Time %Time Play
1Josh MorrisseyMike Matheson122550%0:00
2Shea TheodoreRasmus Sandin12245100%0:06
Penalty Kill 4 Players Forward
Line #CenterWingPHYDFOFWanted %Time %Time Play
1Logan CoutureSam Bennett1225564%4:00
2Aleksander BarkovRyan O'Reilly1224536%2:17
Penalty Kill 4 Players Defense
Line #DefenseDefensePHYDFOFWanted %Time %Time Play
1Scott MayfieldAlexander Romanov1225531%1:57
2Mike MathesonAlec Martinez1224569%4:20
Penalty Kill 3 Players
Line #WingPHYDFOFWanted %Time %Time PlayDefenseDefensePHYDFOFWanted %Time %Time Play
1Aleksander Barkov122550%0:00 Scott MayfieldAlexander Romanov122550%0:00
2Ryan O'Reilly122450%0:00 Mike MathesonAlec Martinez122450%0:00
4 vs 4 Forward
Line #CenterWingPHYDFOFWanted %Time %Time Play
1Ryan O'ReillyLogan Couture122550%0:00
2Sam BennettNikolaj Ehlers122450%0:00
4 vs 4 Defense
Line #DefensePHYDFOFWanted %Time %Time Play
1Mike MathesonShea Theodore122550%0:00
2Josh MorrisseyAlexander Romanov122450%0:00
Last Minutes Offensive
Left WingCenterRight WingDefenseDefense
Logan CoutureAleksander BarkovMartin NecasJosh MorrisseyMike Matheson
Last Minutes Defensive
Left WingCenterRight WingDefenseDefense
Ivan BarbashevRyan O'ReillySam BennettScott MayfieldAlexander Romanov
Time
Total ForwardTotal DefenseLast Minutes OffensiveLast Minutes Defensive
60:00 60:00 0:000:23
Extra Forwards
Normal PowerPlayPenalty Kill
Sam Bennett, Jonathan Drouin, Martin NecasJonathan Drouin, Ivan BarbashevIvan Barbashev
Extra Defensemen
Normal PowerPlayPenalty Kill
Mike Matheson, Alexander Romanov, Josh MorrisseyAlexander Romanov, Josh MorrisseyShea Theodore
Penalty Shots
Aleksander Barkov, Ryan O'Reilly, Logan Couture, Nikolaj Ehlers, Sam Bennett
Goalie
John Gibson, Lukas Dostal
Scratches
None


Play-by-Play

1st period


0:01 of 1st period - Aleksander Barkov wins face-off versus Ryan Strome in neutral zone.
0:09 of 1st period - Shot by Ryan Strome.
0:09 of 1st period - Stopped by John Gibson with a rebound.
0:11 of 1st period - Shot by Ryan Strome.
0:11 of 1st period - Shot Blocked by Aleksander Barkov.
0:13 of 1st period - Shot by Drake Batherson.
0:13 of 1st period - Stopped by John Gibson without a rebound.
0:14 of 1st period - Tyson Foerster wins face-off versus Ryan O'Reilly in Flyers zone.
0:18 of 1st period - Icing by Scott Mayfield.
0:19 of 1st period - Ryan O'Reilly wins face-off versus Jack Studnicka in Flyers zone.
0:30 of 1st period - Shot by Jonathan Drouin.
0:30 of 1st period - Goal by Jonathan Drouin - Avalanche : 0 - Flyers : 1.
0:31 of 1st period - Logan Couture wins face-off versus Victor Olofsson in neutral zone.
1:06 of 1st period - Shot by Taylor Raddysh.
1:06 of 1st period - Shot Misses the Net.
1:08 of 1st period - Shot by Jesper Boqvist.
1:08 of 1st period - Shot Misses the Net.
2:00 of 1st period - Shot by Nikolaj Ehlers.
2:00 of 1st period - Stopped by Akira Schmid without a rebound.
2:01 of 1st period - Ryan O'Reilly wins face-off versus Jack Studnicka in Avalanche zone.
2:32 of 1st period - Shot by Sonny Milano.
2:32 of 1st period - Shot Misses the Net.
2:47 of 1st period - Drake Batherson is hit by Shea Theodore and loses puck.
3:04 of 1st period - Shot by Drake Batherson.
3:04 of 1st period - Shot Misses the Net.
3:27 of 1st period - Icing by Owen Power.
3:28 of 1st period - Sam Bennett wins face-off versus Ryan Strome in Avalanche zone.
4:05 of 1st period - Shot by Mitchell Marner.
4:05 of 1st period - Deflect By Tyson Foerster.
4:05 of 1st period - Shot Misses the Net.
4:51 of 1st period - Shot by Sam Steel.
4:51 of 1st period - Stopped by John Gibson without a rebound.
4:52 of 1st period - Victor Olofsson wins face-off versus Aleksander Barkov in Flyers zone.
5:51 of 1st period - Ryan O'Reilly is hit by Jesper Boqvist.
5:54 of 1st period - Icing by Shea Theodore.
5:55 of 1st period - Sonny Milano wins face-off versus Ryan O'Reilly in Flyers zone.
6:01 of 1st period - Icing by Mike Matheson.
6:02 of 1st period - Ryan O'Reilly wins face-off versus Ryan Strome in Flyers zone.
6:12 of 1st period - Gabriel Vilardi is hit by Morgan Rielly and loses puck.
6:35 of 1st period - Shot by Drake Batherson.
6:35 of 1st period - Stopped by John Gibson without a rebound.
6:36 of 1st period - Aleksander Barkov wins face-off versus Jack Studnicka in Flyers zone.
6:38 of 1st period - Icing by Nikolaj Ehlers.
6:39 of 1st period - Jack Studnicka wins face-off versus Aleksander Barkov in Flyers zone.
6:42 of 1st period - Shot by Nick Perbix.
6:42 of 1st period - Shot Misses the Net.
6:44 of 1st period - Shot by Sam Steel.
6:44 of 1st period - Shot Misses the Net.
6:46 of 1st period - Shot by Nick Perbix.
6:46 of 1st period - Shot Blocked by Scott Mayfield.
6:48 of 1st period - Shot by Jack Studnicka.
6:48 of 1st period - Stopped by John Gibson without a rebound.
6:49 of 1st period - Logan Couture wins face-off versus Tyson Foerster in Flyers zone.
7:22 of 1st period - Icing by Josh Morrissey.
7:23 of 1st period - Jack Studnicka wins face-off versus Logan Couture in Flyers zone.
7:36 of 1st period - Shot by Jack Roslovic.
7:36 of 1st period - Stopped by Akira Schmid without a rebound.
7:37 of 1st period - Aleksander Barkov wins face-off versus Ryan Strome in Avalanche zone.
7:37 of 1st period - Alec Martinez is hit by Jacob Trouba and loses puck.
7:38 of 1st period - Minor Penalty to Jacob Trouba for High sticking.
7:39 of 1st period - Ryan O'Reilly wins face-off versus Scott Laughton in Avalanche zone.
7:44 of 1st period - Shot by Shea Theodore.
7:44 of 1st period - Goal by Shea Theodore - Avalanche : 0 - Flyers : 2.
7:45 of 1st period - Aleksander Barkov wins face-off versus Jack Studnicka in neutral zone.
8:10 of 1st period - Shot by Aleksander Barkov.
8:10 of 1st period - Shot Misses the Net.
8:12 of 1st period - Shot by Aleksander Barkov.
8:12 of 1st period - Shot Misses the Net.
8:22 of 1st period - Shot by Aleksander Barkov.
8:22 of 1st period - Deflect By Nikolaj Ehlers.
8:22 of 1st period - Shot Blocked by Jacob Trouba.
8:26 of 1st period - Shot by Aleksander Barkov.
8:26 of 1st period - Stopped by Akira Schmid without a rebound.
8:27 of 1st period - Wyatt Johnston wins face-off versus Logan Couture in Avalanche zone.
8:58 of 1st period - Icing by Logan Couture.
8:59 of 1st period - Tyson Foerster wins face-off versus Logan Couture in Flyers zone.
9:00 of 1st period - Shot by Mitchell Marner.
9:00 of 1st period - Stopped by John Gibson without a rebound.
9:01 of 1st period - Tyson Foerster wins face-off versus Aleksander Barkov in Flyers zone.
9:34 of 1st period - Icing by Tyson Foerster.
9:35 of 1st period - Jonathan Drouin wins face-off versus Tyson Foerster in Avalanche zone.
9:40 of 1st period - Shot by Ryan O'Reilly.
9:40 of 1st period - Shot Misses the Net.
9:42 of 1st period - Shot by Scott Mayfield.
9:42 of 1st period - Stopped by Akira Schmid without a rebound.
9:43 of 1st period - Victor Olofsson wins face-off versus Ryan O'Reilly in Avalanche zone.
9:56 of 1st period - Owen Power is hit by Ryan O'Reilly and loses puck.
10:13 of 1st period - Shot by Ryan O'Reilly.
10:13 of 1st period - Shot Misses the Net.
10:15 of 1st period - Shot by Gabriel Vilardi.
10:15 of 1st period - Shot Misses the Net.
10:17 of 1st period - Shot by Scott Mayfield.
10:17 of 1st period - Shot Misses the Net.
10:23 of 1st period - Shot by Jonathan Drouin.
10:23 of 1st period - Stopped by Akira Schmid without a rebound.
10:24 of 1st period - Aleksander Barkov wins face-off versus Drake Batherson in Avalanche zone.
10:43 of 1st period - Shot by Ryan Strome.
10:43 of 1st period - Shot Misses the Net.
10:45 of 1st period - Shot by Jacob Trouba.
10:45 of 1st period - Stopped by John Gibson without a rebound.
10:46 of 1st period - Logan Couture wins face-off versus Jack Studnicka in Flyers zone.
11:01 of 1st period - Shot by Ivan Barbashev.
11:01 of 1st period - Deflect By Jack Roslovic.
11:01 of 1st period - Stopped by Akira Schmid with a rebound.
11:03 of 1st period - Shot by Alec Martinez.
11:03 of 1st period - Stopped by Akira Schmid without a rebound.
11:04 of 1st period - Ryan Strome wins face-off versus Aleksander Barkov in Avalanche zone.
12:15 of 1st period - Ivan Barbashev is hit by Mitchell Marner and loses puck.
12:26 of 1st period - Shot by Tyson Foerster.
12:26 of 1st period - Stopped by John Gibson with a rebound.
12:28 of 1st period - Shot by Scott Laughton.
12:28 of 1st period - Shot Misses the Net.
12:30 of 1st period - Shot by Mitchell Marner.
12:30 of 1st period - Shot Misses the Net.
12:35 of 1st period - Icing by Jack Roslovic.
12:36 of 1st period - Ivan Barbashev wins face-off versus Jack Studnicka in Flyers zone.
12:36 of 1st period - Ivan Barbashev is hit by Jack Studnicka.
12:42 of 1st period - Shot by Ivan Barbashev.
12:42 of 1st period - Shot Misses the Net.
12:50 of 1st period - Shot by Jack Studnicka.
12:50 of 1st period - Shot Blocked by Mike Matheson.
13:53 of 1st period - Shot by Jesper Boqvist.
13:53 of 1st period - Deflect By Victor Olofsson.
13:53 of 1st period - Stopped by John Gibson without a rebound.
13:54 of 1st period - Aleksander Barkov wins face-off versus Tyson Foerster in Flyers zone.
14:13 of 1st period - Shot by Aleksander Barkov.
14:13 of 1st period - Shot Misses the Net.
14:32 of 1st period - Shot by Tyson Foerster.
14:32 of 1st period - Deflect By Mitchell Marner.
14:32 of 1st period - Shot Misses the Net.
14:34 of 1st period - Shot by Scott Laughton.
14:34 of 1st period - Stopped by John Gibson without a rebound.
14:35 of 1st period - Ryan O'Reilly wins face-off versus Jack Studnicka in Flyers zone.
14:40 of 1st period - Shot by Nick Perbix.
14:40 of 1st period - Shot Misses the Net.
14:42 of 1st period - Shot by Sonny Milano.
14:42 of 1st period - Stopped by John Gibson with a rebound.
15:03 of 1st period - Icing by Ryker Evans.
15:04 of 1st period - Sam Bennett wins face-off versus Jack Studnicka in Avalanche zone.
15:19 of 1st period - Shot by Jack Studnicka.
15:19 of 1st period - Shot Misses the Net.
15:21 of 1st period - Shot by Nick Perbix.
15:21 of 1st period - Stopped by John Gibson with a rebound.
15:58 of 1st period - Icing by Josh Morrissey.
15:59 of 1st period - Ryan Strome wins face-off versus Aleksander Barkov in Flyers zone.
16:27 of 1st period - Shot by Aleksander Barkov.
16:27 of 1st period - Shot Blocked by Jacob Trouba.
16:34 of 1st period - Icing by Rasmus Sandin.
16:35 of 1st period - Tyson Foerster wins face-off versus Aleksander Barkov in Flyers zone.
17:53 of 1st period - Shot by Taylor Raddysh.
17:53 of 1st period - Shot Blocked by Alexander Romanov.
18:01 of 1st period - Shot by Taylor Raddysh.
18:01 of 1st period - Stopped by John Gibson without a rebound.
18:02 of 1st period - Ryan Strome wins face-off versus Logan Couture in Flyers zone.
18:13 of 1st period - Shot by Ivan Barbashev.
18:13 of 1st period - Shot Misses the Net.
18:37 of 1st period - Mike Matheson is hit by Wyatt Johnston and loses puck.
19:52 of 1st period - Shot by Nikolaj Ehlers.
19:52 of 1st period - Stopped by Akira Schmid without a rebound.
19:53 of 1st period - Tyson Foerster wins face-off versus Sam Bennett in Avalanche zone.
19:58 of 1st period - Ivan Barbashev is hit by Scott Laughton and loses puck.
Goals for this period are 0 for Avalanche vs 2 for Flyers.
Shots for this period are 13 for Avalanche vs 10 for Flyers.

2nd period


0:01 of 2nd period - Ryan O'Reilly wins face-off versus Victor Olofsson in neutral zone.
0:17 of 2nd period - Shot by Jonathan Drouin.
0:17 of 2nd period - Goal by Jonathan Drouin - Avalanche : 0 - Flyers : 3.
0:18 of 2nd period - Logan Couture wins face-off versus Tyson Foerster in neutral zone.
0:23 of 2nd period - Shot by Ivan Barbashev.
0:23 of 2nd period - Shot Blocked by Nick Perbix.
0:41 of 2nd period - Shot by Jack Roslovic.
0:41 of 2nd period - Stopped by Akira Schmid with a rebound.
0:47 of 2nd period - Shot by Ivan Barbashev.
0:47 of 2nd period - Shot Misses the Net.
0:54 of 2nd period - Minor Penalty to Logan Couture for Interference.
0:55 of 2nd period - Jonathan Drouin wins face-off versus Victor Olofsson in Flyers zone.
1:10 of 2nd period - Shot by Morgan Rielly.
1:10 of 2nd period - Shot Blocked by Alec Martinez.
1:14 of 2nd period - Shot by Owen Power.
1:14 of 2nd period - Goal by Owen Power - Avalanche : 1 - Flyers : 3.
1:15 of 2nd period - Jack Studnicka wins face-off versus Nikolaj Ehlers in neutral zone.
1:15 of 2nd period - Erik Brannstrom is hit by Aleksander Barkov and loses puck.
1:43 of 2nd period - Sam Steel is hit by Scott Mayfield.
1:55 of 2nd period - Shot by Aleksander Barkov.
1:55 of 2nd period - Stopped by Akira Schmid with a rebound.
1:57 of 2nd period - Shot by Scott Mayfield.
1:57 of 2nd period - Stopped by Akira Schmid without a rebound.
1:58 of 2nd period - Victor Olofsson wins face-off versus Ryan O'Reilly in Avalanche zone.
2:10 of 2nd period - Icing by Mike Matheson.
2:11 of 2nd period - Ryan O'Reilly wins face-off versus Ryan Strome in Flyers zone.
2:20 of 2nd period - Shot by Gabriel Vilardi.
2:20 of 2nd period - Stopped by Akira Schmid without a rebound.
2:21 of 2nd period - Victor Olofsson wins face-off versus Logan Couture in Avalanche zone.
2:43 of 2nd period - Shot by Victor Olofsson.
2:43 of 2nd period - Goal by Victor Olofsson - Avalanche : 2 - Flyers : 3.
2:44 of 2nd period - Ryan O'Reilly wins face-off versus Ryan Strome in neutral zone.
3:01 of 2nd period - Ryan Strome is hit by Ryan O'Reilly.
3:20 of 2nd period - Icing by Scott Mayfield.
3:21 of 2nd period - Ryan O'Reilly wins face-off versus Tyson Foerster in Flyers zone.
3:21 of 2nd period - Ryan O'Reilly is hit by Scott Laughton.
3:57 of 2nd period - Shot by Morgan Rielly.
3:57 of 2nd period - Shot Misses the Net.
4:15 of 2nd period - Shot by Aleksander Barkov.
4:15 of 2nd period - Stopped by Akira Schmid without a rebound.
4:16 of 2nd period - Logan Couture wins face-off versus Victor Olofsson in Avalanche zone.
4:23 of 2nd period - Shot by Mike Matheson.
4:23 of 2nd period - Goal by Mike Matheson - Avalanche : 2 - Flyers : 4.
4:24 of 2nd period - Sam Bennett wins face-off versus Jack Studnicka in neutral zone.
5:39 of 2nd period - Drake Batherson is hit by Aleksander Barkov and loses puck.
6:18 of 2nd period - Shot by Jonathan Drouin.
6:18 of 2nd period - Stopped by Akira Schmid with a rebound.
6:20 of 2nd period - Shot by Alexander Romanov.
6:20 of 2nd period - Stopped by Akira Schmid without a rebound.
6:21 of 2nd period - Tyson Foerster wins face-off versus Logan Couture in Avalanche zone.
6:21 of 2nd period - Morgan Rielly is hit by Ivan Barbashev.
6:44 of 2nd period - Mitchell Marner is hit by Jack Roslovic and loses puck.
7:34 of 2nd period - Erik Brannstrom is hit by Ryan O'Reilly and loses puck.
7:49 of 2nd period - Shot by Gabriel Vilardi.
7:49 of 2nd period - Stopped by Akira Schmid without a rebound.
7:50 of 2nd period - Aleksander Barkov wins face-off versus Ryan Strome in Avalanche zone.
8:19 of 2nd period - Shot by Drake Batherson.
8:19 of 2nd period - Goal by Drake Batherson - Avalanche : 3 - Flyers : 4.
8:20 of 2nd period - Jack Studnicka wins face-off versus Ryan O'Reilly in neutral zone.
8:34 of 2nd period - Off-side.
8:35 of 2nd period - Victor Olofsson wins face-off versus Jack Roslovic in neutral zone.
9:04 of 2nd period - Shot by Taylor Raddysh.
9:04 of 2nd period - Deflect By Victor Olofsson.
9:04 of 2nd period - Shot Blocked by Shea Theodore.
9:58 of 2nd period - Shot by Aleksander Barkov.
9:58 of 2nd period - Shot Misses the Net.
10:14 of 2nd period - Shot by Aleksander Barkov.
10:14 of 2nd period - Shot Blocked by Jack Studnicka.
10:16 of 2nd period - Shot by Nikolaj Ehlers.
10:16 of 2nd period - Goal by Nikolaj Ehlers - Avalanche : 3 - Flyers : 5.
10:16 of 2nd period - Cayden Primeau enters game.
10:17 of 2nd period - Ryan Strome wins face-off versus Ryan O'Reilly in neutral zone.
11:26 of 2nd period - Owen Power is hit by Ryan O'Reilly and loses puck.
11:36 of 2nd period - Icing by Alexander Romanov.
11:37 of 2nd period - Ryan O'Reilly wins face-off versus Victor Olofsson in Flyers zone.
11:37 of 2nd period - Ryan O'Reilly is hit by Taylor Raddysh.
11:54 of 2nd period - Icing by Rasmus Sandin.
11:55 of 2nd period - Tyson Foerster wins face-off versus Aleksander Barkov in Flyers zone.
12:18 of 2nd period - Shot by Martin Necas.
12:18 of 2nd period - Shot Misses the Net.
12:22 of 2nd period - Shot by Aleksander Barkov.
12:22 of 2nd period - Stopped by Cayden Primeau without a rebound.
12:23 of 2nd period - Logan Couture wins face-off versus Jack Studnicka in Avalanche zone.
12:23 of 2nd period - Logan Couture is hit by Ryker Evans.
12:33 of 2nd period - Shot by Jack Studnicka.
12:33 of 2nd period - Stopped by John Gibson without a rebound.
12:34 of 2nd period - Sam Bennett wins face-off versus Victor Olofsson in Flyers zone.
13:40 of 2nd period - Shot by Jack Studnicka.
13:40 of 2nd period - Goal by Jack Studnicka - Avalanche : 4 - Flyers : 5.
13:41 of 2nd period - Ryan O'Reilly wins face-off versus Tyson Foerster in neutral zone.
14:38 of 2nd period - Shot by Wyatt Johnston.
14:38 of 2nd period - Stopped by John Gibson with a rebound.
14:40 of 2nd period - Shot by Wyatt Johnston.
14:40 of 2nd period - Stopped by John Gibson without a rebound.
14:41 of 2nd period - Aleksander Barkov wins face-off versus Jack Studnicka in Flyers zone.
15:16 of 2nd period - Shot by Aleksander Barkov.
15:16 of 2nd period - Shot Misses the Net.
15:18 of 2nd period - Shot by Martin Necas.
15:18 of 2nd period - Deflect By Aleksander Barkov.
15:18 of 2nd period - Stopped by Cayden Primeau without a rebound.
15:19 of 2nd period - Logan Couture wins face-off versus Ryan Strome in Avalanche zone.
15:29 of 2nd period - Ryan Strome is hit by Logan Couture and loses puck.
15:47 of 2nd period - Shot by Drake Batherson.
15:47 of 2nd period - Stopped by John Gibson without a rebound.
15:48 of 2nd period - Ryan O'Reilly wins face-off versus Victor Olofsson in Flyers zone.
15:48 of 2nd period - Ryan O'Reilly is hit by Victor Olofsson.
16:05 of 2nd period - Shot by Owen Power.
16:05 of 2nd period - Stopped by John Gibson without a rebound.
16:06 of 2nd period - Aleksander Barkov wins face-off versus Tyson Foerster in Flyers zone.
16:06 of 2nd period - Aleksander Barkov is hit by Mitchell Marner.
16:22 of 2nd period - Shot by Scott Laughton.
16:22 of 2nd period - Shot Blocked by Mike Matheson.
16:24 of 2nd period - Shot by Nick Perbix.
16:24 of 2nd period - Shot Blocked by Nikolaj Ehlers.
16:39 of 2nd period - Off-side.
16:40 of 2nd period - Logan Couture wins face-off versus Wyatt Johnston in neutral zone.
16:59 of 2nd period - Shot by Wyatt Johnston.
16:59 of 2nd period - Stopped by John Gibson without a rebound.
17:00 of 2nd period - Ryan O'Reilly wins face-off versus Jack Studnicka in Flyers zone.
17:25 of 2nd period - Icing by Jack Studnicka.
17:26 of 2nd period - Logan Couture wins face-off versus Jack Studnicka in Avalanche zone.
17:59 of 2nd period - Icing by Josh Morrissey.
18:00 of 2nd period - Logan Couture wins face-off versus Victor Olofsson in Flyers zone.
18:33 of 2nd period - Erik Brannstrom is hit by Martin Necas and loses puck.
18:39 of 2nd period - Off-side.
18:40 of 2nd period - Ryan Strome wins face-off versus Ryan O'Reilly in neutral zone.
19:03 of 2nd period - Shot by Ryker Evans.
19:03 of 2nd period - Deflect By Drake Batherson.
19:03 of 2nd period - Stopped by John Gibson without a rebound.
19:04 of 2nd period - Aleksander Barkov wins face-off versus Tyson Foerster in Flyers zone.
19:22 of 2nd period - Off-side.
19:23 of 2nd period - Logan Couture wins face-off versus Ryan Strome in neutral zone.
19:32 of 2nd period - Shot by Logan Couture.
19:32 of 2nd period - Stopped by Cayden Primeau without a rebound.
19:33 of 2nd period - Tyson Foerster wins face-off versus Aleksander Barkov in Avalanche zone.
19:33 of 2nd period - Tyson Foerster is hit by Aleksander Barkov.
19:45 of 2nd period - Aleksander Barkov is hit by Scott Laughton and loses puck.
Goals for this period are 4 for Avalanche vs 3 for Flyers.
Shots for this period are 11 for Avalanche vs 14 for Flyers.

3rd period


0:01 of 3rd period - Aleksander Barkov wins face-off versus Ryan Strome in neutral zone.
0:01 of 3rd period - Josh Morrissey is hit by Wyatt Johnston and loses puck.
0:08 of 3rd period - Shot by Wyatt Johnston.
0:08 of 3rd period - Shot Blocked by Josh Morrissey.
0:17 of 3rd period - Off-side.
0:18 of 3rd period - Logan Couture wins face-off versus Victor Olofsson in neutral zone.
0:18 of 3rd period - Shea Theodore is hit by Jesper Boqvist and loses puck.
0:39 of 3rd period - Shot by Jack Roslovic.
0:39 of 3rd period - Shot Blocked by Ryker Evans.
0:41 of 3rd period - Shot by Mike Matheson.
0:41 of 3rd period - Shot Blocked by Nick Perbix.
0:43 of 3rd period - Shot by Shea Theodore.
0:43 of 3rd period - Shot Misses the Net.
1:40 of 3rd period - Nick Perbix is hit by Rasmus Sandin and loses puck.
1:52 of 3rd period - Off-side.
1:53 of 3rd period - Ryan O'Reilly wins face-off versus Sonny Milano in neutral zone.
2:28 of 3rd period - Minor Penalty to Alec Martinez for Holding.
2:29 of 3rd period - Logan Couture wins face-off versus Scott Laughton in Flyers zone.
2:38 of 3rd period - Shot by Morgan Rielly.
2:38 of 3rd period - Stopped by John Gibson without a rebound.
2:39 of 3rd period - Logan Couture wins face-off versus Scott Laughton in Flyers zone.
3:12 of 3rd period - Shot by Drake Batherson.
3:12 of 3rd period - Deflect By Wyatt Johnston.
3:12 of 3rd period - Shot Misses the Net.
3:14 of 3rd period - Shot by Erik Brannstrom.
3:14 of 3rd period - Stopped by John Gibson without a rebound.
3:15 of 3rd period - Aleksander Barkov wins face-off versus Mitchell Marner in Flyers zone.
3:28 of 3rd period - Shot by Morgan Rielly.
3:28 of 3rd period - Shot Misses the Net.
3:37 of 3rd period - Owen Power is hit by Alexander Romanov and loses puck.
3:40 of 3rd period - Shot by Victor Olofsson.
3:40 of 3rd period - Deflect By Mitchell Marner.
3:40 of 3rd period - Shot Blocked by Alexander Romanov.
3:42 of 3rd period - Shot by Morgan Rielly.
3:42 of 3rd period - Stopped by John Gibson with a rebound.
4:05 of 3rd period - Owen Power is hit by Aleksander Barkov.
4:31 of 3rd period - Icing by Nick Perbix.
4:32 of 3rd period - Sam Bennett wins face-off versus Jack Studnicka in Avalanche zone.
4:32 of 3rd period - Alec Martinez is hit by Nick Perbix and loses puck.
4:57 of 3rd period - Shot by Sam Bennett.
4:57 of 3rd period - Stopped by Cayden Primeau without a rebound.
4:58 of 3rd period - Aleksander Barkov wins face-off versus Tyson Foerster in Avalanche zone.
4:58 of 3rd period - Aleksander Barkov is hit by Jacob Trouba.
5:14 of 3rd period - Icing by Erik Brannstrom.
5:15 of 3rd period - Ryan O'Reilly wins face-off versus Tyson Foerster in Avalanche zone.
5:16 of 3rd period - Shot by Josh Morrissey.
5:16 of 3rd period - Shot Misses the Net.
5:18 of 3rd period - Shot by Scott Mayfield.
5:18 of 3rd period - Shot Misses the Net.
5:44 of 3rd period - Shot by Ryan O'Reilly.
5:44 of 3rd period - Shot Blocked by Jacob Trouba.
5:46 of 3rd period - Shot by Scott Mayfield.
5:46 of 3rd period - Shot Misses the Net.
5:52 of 3rd period - Shot by Gabriel Vilardi.
5:52 of 3rd period - Shot Misses the Net.
6:25 of 3rd period - Icing by Owen Power.
6:26 of 3rd period - Logan Couture wins face-off versus Ryan Strome in Avalanche zone.
6:26 of 3rd period - Logan Couture is hit by Owen Power.
6:28 of 3rd period - Shot by Jack Roslovic.
6:28 of 3rd period - Shot Misses the Net.
6:38 of 3rd period - Shot by Ryan Strome.
6:38 of 3rd period - Stopped by John Gibson without a rebound.
6:39 of 3rd period - Jack Studnicka wins face-off versus Aleksander Barkov in Flyers zone.
6:42 of 3rd period - Shot by Sonny Milano.
6:42 of 3rd period - Shot Misses the Net.
6:44 of 3rd period - Shot by Ryker Evans.
6:44 of 3rd period - Shot Misses the Net.
6:46 of 3rd period - Shot by Sam Steel.
6:46 of 3rd period - Stopped by John Gibson without a rebound.
6:47 of 3rd period - Ryan Strome wins face-off versus Logan Couture in Flyers zone.
6:48 of 3rd period - Shot by Drake Batherson.
6:48 of 3rd period - Shot Misses the Net.
6:51 of 3rd period - Icing by Rasmus Sandin.
6:52 of 3rd period - Ryan Strome wins face-off versus Jack Roslovic in Flyers zone.
8:50 of 3rd period - Minor Penalty to Ryan O'Reilly for Hooking.
8:51 of 3rd period - Sam Bennett wins face-off versus Mitchell Marner in Flyers zone.
8:51 of 3rd period - Sam Bennett is hit by Mitchell Marner.
10:28 of 3rd period - Shot by Nick Perbix.
10:28 of 3rd period - Shot Misses the Net.
10:30 of 3rd period - Shot by Victor Olofsson.
10:30 of 3rd period - Shot Misses the Net.
10:32 of 3rd period - Shot by Mitchell Marner.
10:32 of 3rd period - Shot Blocked by Alec Martinez.
10:34 of 3rd period - Shot by Sam Steel.
10:34 of 3rd period - Shot Misses the Net.
10:36 of 3rd period - Shot by Sam Steel.
10:36 of 3rd period - Stopped by John Gibson without a rebound.
10:37 of 3rd period - Logan Couture wins face-off versus Victor Olofsson in Flyers zone.
11:10 of 3rd period - Shot by Jonathan Drouin.
11:10 of 3rd period - Stopped by Cayden Primeau without a rebound.
11:11 of 3rd period - Tyson Foerster wins face-off versus Aleksander Barkov in Avalanche zone.
11:22 of 3rd period - Shot by Scott Laughton.
11:22 of 3rd period - Deflect By Mitchell Marner.
11:22 of 3rd period - Stopped by John Gibson without a rebound.
11:23 of 3rd period - Jack Studnicka wins face-off versus Logan Couture in Flyers zone.
11:23 of 3rd period - Jack Studnicka is hit by Alexander Romanov.
11:41 of 3rd period - Jack Studnicka is hit by Alec Martinez and loses puck.
11:44 of 3rd period - Shot by Sonny Milano.
11:44 of 3rd period - Shot Misses the Net.
11:46 of 3rd period - Shot by Sonny Milano.
11:46 of 3rd period - Shot Misses the Net.
11:58 of 3rd period - Shot by Jack Studnicka.
11:58 of 3rd period - Deflect By Sonny Milano.
11:58 of 3rd period - Shot Misses the Net.
12:33 of 3rd period - Taylor Raddysh is hit by Alexander Romanov and loses puck.
13:04 of 3rd period - Shot by Drake Batherson.
13:04 of 3rd period - Shot Blocked by Ivan Barbashev.
13:10 of 3rd period - Shot by Wyatt Johnston.
13:10 of 3rd period - Stopped by John Gibson without a rebound.
13:11 of 3rd period - Tyson Foerster wins face-off versus Ryan O'Reilly in Flyers zone.
13:22 of 3rd period - Shot by Scott Laughton.
13:22 of 3rd period - Stopped by John Gibson with a rebound.
13:24 of 3rd period - Shot by Mitchell Marner.
13:24 of 3rd period - Shot Misses the Net.
13:47 of 3rd period - Shot by Mitchell Marner.
13:47 of 3rd period - Shot Misses the Net.
13:59 of 3rd period - Ryan Strome is hit by Gabriel Vilardi and loses puck.
14:06 of 3rd period - Gabriel Vilardi is hit by Ryan Strome and loses puck.
14:15 of 3rd period - Shot by Drake Batherson.
14:15 of 3rd period - Shot Misses the Net.
14:31 of 3rd period - Ryan O'Reilly is hit by Drake Batherson and loses puck.
15:04 of 3rd period - Shot by Jesper Boqvist.
15:04 of 3rd period - Stopped by John Gibson without a rebound.
15:05 of 3rd period - Jack Studnicka wins face-off versus Nikolaj Ehlers in Flyers zone.
15:09 of 3rd period - Minor Penalty to Mike Matheson for Holding.
15:10 of 3rd period - Logan Couture wins face-off versus Victor Olofsson in Flyers zone.
15:10 of 3rd period - Logan Couture is hit by Ryan Strome.
15:30 of 3rd period - Shot by Mitchell Marner.
15:30 of 3rd period - Shot Blocked by Sam Bennett.
15:34 of 3rd period - Shot by Mitchell Marner.
15:34 of 3rd period - Stopped by John Gibson with a rebound.
15:36 of 3rd period - Shot by Owen Power.
15:36 of 3rd period - Shot Misses the Net.
15:38 of 3rd period - Shot by Owen Power.
15:38 of 3rd period - Shot Misses the Net.
15:40 of 3rd period - Shot by Morgan Rielly.
15:40 of 3rd period - Shot Blocked by Alec Martinez.
15:42 of 3rd period - Shot by Mitchell Marner.
15:42 of 3rd period - Shot Blocked by Alec Martinez.
15:44 of 3rd period - Shot by Mitchell Marner.
15:44 of 3rd period - Stopped by John Gibson without a rebound.
15:45 of 3rd period - Scott Laughton wins face-off versus Ivan Barbashev in Flyers zone.
15:45 of 3rd period - Drake Batherson is hit by Shea Theodore and loses puck.
16:53 of 3rd period - Shot by Mitchell Marner.
16:53 of 3rd period - Shot Blocked by Rasmus Sandin.
18:06 of 3rd period - Shot by Mitchell Marner.
18:06 of 3rd period - Shot Blocked by Alec Martinez.
18:14 of 3rd period - Shot by Scott Laughton.
18:14 of 3rd period - Shot Blocked by Alec Martinez.
18:16 of 3rd period - Shot by Erik Brannstrom.
18:16 of 3rd period - Shot Misses the Net.
Goals for this period are 0 for Avalanche vs 0 for Flyers.
Shots for this period are 12 for Avalanche vs 2 for Flyers.